Senateurs vs Penguins

Created - February 20, 2021 at 20:22

Goals
1 2 3 T
Senateurs 0 2 2 4
Penguins 1 0 1 2
Shots
1 2 3 T
Senateurs 5 11 13 29
Penguins 14 3 12 29

1st period

1. Penguins , Nikita Kucherov 19 (Steven Stamkos 36) at 8:02

Penalties :
No Penalty

2nd period

2. Senateurs , Derek Boogaard 16 (Sidney Crosby 37, Nate Prosser 10) at 1:39 (PP)
3. Senateurs , Eric Gelinas 2 (Colby Armstrong 15, Matt Martin 12) at 16:08

Penalties :
Sean Monahan (Pit) for Hooking (Minor) at 1:26, Andrew Cogliano (Pit) for Holding (Minor) at 4:01, Nate Prosser (Ott) for Holding Stick (Minor) at 13:04, Nikita Kucherov (Pit) for Holding (Minor) at 16:30

3rd period

4. Senateurs , Colby Armstrong 9 (Matt Martin 13, Nick Bjugstad 24) at 10:52
5. Penguins , Nikita Kucherov 20 (Steven Stamkos 37, Danny DeKeiser 16) at 12:05
6. Senateurs , Derek Boogaard 17 (Sidney Crosby 38, Dion Phaneuf 25) at 19:00 (Empty Net)

Penalties :
Gilbert Brule (Pit) for Interference (Minor) at 6:36, Peter Regin (Ott) for Hooking (Minor) at 19:22

Goalie Stats

Jaroslav Halak (Ott), 27 saves from 29 shots - (0.931), W, 23-19-6, 60:00 minutes
Michal Neuvirth (Pit), 25 saves from 28 shots - (0.893), L, 20-17-6, 59:50 minutes

Players Stats for Senateurs

Player Name              G  A  P  +/- PIM S  H  SB GA TA FO     MP     PP MP  PK MP  
------------------------------------------------------------------------------------
Anthony Bitetto          0  0  0   0  0   0  1  2  0  0  0/0     5:55   0:03   0:42 
Arturs Kulda             0  0  0   1  0   0  1  0  0  1  0/0    13:55   0:00   1:33 
Brandon Burlon           0  0  0  -1  0   0  0  4  1  1  0/0    20:12   1:59   0:00 
Brian McGrattan          0  0  0   0  0   1  0  0  0  0  0/0     6:39   0:03   0:00 
Cody Franson             0  0  0  -1  0   0  1  0  1  0  0/0    10:13   1:44   0:00 
Colby Armstrong          1  1  2   2  0   3  2  2  0  0  1/1    17:56   2:20   0:00 
Derek Boogaard           2  0  2   0  0   3  1  0  0  1  0/3    20:37   3:47   1:36 
Dion Phaneuf             0  1  1   0  0   2  2  2  4  1  0/0    29:10   3:53   1:54 
Eric Gelinas             1  0  1   2  0   2  1  0  0  0  0/0    21:12   2:24   1:03 
Marek Svatos             0  0  0  -1  0   7  0  0  1  1  1/2    14:47   0:03   0:00 
Matt Martin              0  2  2   2  0   1  0  0  0  0  0/0    18:20   2:20   0:27 
Maxim Lapierre           0  0  0  -1  0   3  1  0  1  0  5/6    14:38   0:03   0:00 
Nate Prosser             0  1  1   1  2   1  1  2  0  1  0/0    19:22   2:17   0:00 
Nick Bjugstad            0  1  1   2  0   3  0  0  0  0  4/12   18:16   2:20   0:07 
Peter Regin              0  0  0   0  2   0  1  1  0  0  1/5     7:26   0:00   0:26 
Reilly Smith             0  0  0   0  0   0  2  0  0  0  1/1    19:25   3:47   0:27 
Sergei Kostitsyn         0  0  0  -1  0   1  3  1  0  0  0/0    13:56   0:00   0:27 
Sidney Crosby            0  2  2   0  0   2  2  0  1  1  12/29  25:23   3:47   1:42 

Players Stats for Penguins

Player Name              G  A  P  +/- PIM S  H  SB GA TA FO     MP     PP MP  PK MP  
------------------------------------------------------------------------------------
Alexei Marchenko         0  0  0   0  0   0  0  0  0  0  0/0    12:37   0:00   0:00 
Andrew Cogliano          0  0  0   0  2   2  1  0  0  1  0/0    15:47   0:58   0:54 
Cal Clutterbuck          0  0  0  -1  0   0  0  0  0  0  0/0    13:25   0:00   1:38 
Daniel Carcillo          0  0  0  -1  0   2  1  0  0  0  0/1    15:23   0:00   3:36 
Danny DeKeiser           0  1  1  -1  0   1  4  3  1  1  0/0    28:31   1:20   4:15 
Eric Gryba               0  0  0   0  0   2  0  1  0  0  0/0    12:37   0:00   0:00 
Gilbert Brule            0  0  0   0  2   4  1  0  0  0  5/8    14:57   0:58   0:03 
Jake McCabe              0  0  0   0  0   0  2  0  1  2  0/0    18:52   1:16   1:55 
Jeff Schultz             0  0  0   0  0   1  1  0  0  0  0/0    18:52   1:16   1:55 
Jeff Skinner             0  0  0   0  0   0  1  1  1  0  3/3    18:46   1:38   0:00 
Joe Colborne             0  0  0  -1  0   0  2  0  0  0  4/7    14:03   0:00   2:16 
Keith Aulie              0  0  0  -1  0   1  4  5  0  2  0/0    28:31   1:20   4:15 
Marcus Foligno           0  0  0   0  0   2  2  0  0  0  0/0     8:25   0:00   0:02 
Marian Hossa             0  0  0   0  0   1  1  0  0  1  0/0     8:22   0:00   0:00 
Mark Stone               0  0  0   0  0   0  2  0  0  0  0/2    14:54   0:58   0:00 
Nikita Kucherov          2  0  2   0  2   4  2  0  2  0  3/5    18:45   1:38   0:00 
Sean Monahan             0  0  0   0  2   2  0  0  0  0  1/3     8:29   0:00   0:08 
Steven Stamkos           0  2  2   0  0   7  1  1  2  2  18/30  22:30   1:38   3:43 

3 Stars

1 - Colby Armstrong (Ott)
2 - Derek Boogaard (Ott)
3 - Eric Gelinas (Ott)

Power Play

Senateurs - 1 on 4 Attempt(s) - 25.00%
Penguins - 0 on 2 Attempt(s) - 0.00%

Penalty Kill

Senateurs - 2 on 2 Attempt(s) - 100.00% - Score 0 goal in Penalty Kill
Penguins - 3 on 4 Attempt(s) - 75.00% - Score 0 goal in Penalty Kill

Team Stat

Senateurs - Hits : 19 - Faceoff Wins : 25 - Blocked Shots : 14 - Penalty Minutes : 4
Penguins - Hits : 25 - Faceoff Wins : 34 - Blocked Shots : 11 - Penalty Minutes : 8

Official

Referees : Unknown
Linesman : Unknown

Game Notes

Cody Franson is injured at 9:12 of 2nd period (Left Knee)
Derek Boogaard has scored in a empty net!

Finance

Level 1 -- Attendance: 4193 (69.88%) -- Ticket Income $503,160
Level 2 -- Attendance: 3604 (72.08%) -- Ticket Income $252,280
Level 3 -- Attendance: 1598 (79.90%) -- Ticket Income $71,910
Level 4 -- Attendance: 2906 (72.65%) -- Ticket Income $101,710
Luxury Box -- Attendance: 750 (75.00%) -- Ticket Income $150,000
Game was played at the Igloo.
Total Attendance: 13051 (72.51%)
Total Ticket Income: $1,079,060
Other Income: $161,859
Total Income: $1,240,919

Senateurs

5 vs 5 Forward 
   Center                   Left Wing                Right Wing               Time % Phy DF OF 
 1 Sidney Crosby            Derek Boogaard           Reilly Smith             40     1   2  2  
 2 Nick Bjugstad            Matt Martin              Colby Armstrong          30     1   2  2  
 3 Maxim Lapierre           Sergei Kostitsyn         Marek Svatos             20     1   2  2  
 4 Peter Regin              Sidney Crosby            Brian McGrattan          10     1   2  2  

5 vs 5 Defense 
   Defense                  Defense                                           Time % Phy DF OF 
 1 Dion Phaneuf             Cody Franson                                      40     1   2  2  
 2 Eric Gelinas             Nate Prosser                                      30     1   2  2  
 3 Brandon Burlon           Arturs Kulda                                      20     1   2  2  
 4 Anthony Bitetto          Dion Phaneuf                                      10     1   2  2  

PowerPlay Forward 
   Center                   Left Wing                Right Wing               Time % Phy DF OF 
 1 Sidney Crosby            Derek Boogaard           Reilly Smith             60     1   2  2  
 2 Nick Bjugstad            Matt Martin              Colby Armstrong          40     1   2  2  

PowerPlay Defense
   Defense                  Defense                                           Time % Phy DF OF 
 1 Dion Phaneuf             Cody Franson                                      60     1   2  2  
 2 Eric Gelinas             Nate Prosser                                      40     1   2  2  

Penalty Kill 4 Players Forward 
   Center                   Wing                     Time % Phy DF OF 
 1 Sidney Crosby            Derek Boogaard           60     1   2  2  
 2 Matt Martin              Reilly Smith             40     1   2  2  

Penalty Kill 4 Players Defense
   Defense                  Defense                  Time % Phy DF OF 
 1 Dion Phaneuf             Cody Franson             60     1   2  2  
 2 Eric Gelinas             Nate Prosser             40     1   2  2  

Penalty Kill - 3 Players Forward 
   Forward                                           Time % Phy DF OF 
 1 Sidney Crosby                                     60     1   2  2  
 2 Derek Boogaard                                    40     1   2  2  

Penalty Kill - 3 Players Defense
   Defense                  Defense                  Time % Phy DF OF 
 1 Dion Phaneuf             Cody Franson             60     1   2  2  
 2 Eric Gelinas             Nate Prosser             40     1   2  2  

4 vs 4 Forward 
   Center                   Wing                     Time % Phy DF OF 
 1 Sidney Crosby            Derek Boogaard           60     1   2  2  
 2 Matt Martin              Reilly Smith             40     1   2  2  

4 vs 4 Defense
   Defense                  Defense                  Time % Phy DF OF 
 1 Dion Phaneuf             Cody Franson             60     1   2  2  
 2 Eric Gelinas             Nate Prosser             40     1   2  2  

Last Minutes Offensive
   Center                   Left Wing                Right Wing               Defense                  Defense                  
   Sidney Crosby            Derek Boogaard           Reilly Smith             Dion Phaneuf             Cody Franson             

Last Minutes Defensive
   Center                   Left Wing                Right Wing               Defense                  Defense                  
   Sidney Crosby            Derek Boogaard           Reilly Smith             Dion Phaneuf             Cody Franson             

Goaltenders
Starting : Jaroslav Halak           
Backup : Jonas Hiller             

Extra Forwards
Normal : Marek Svatos, Maxim Lapierre, Peter Regin - PP : Marek Svatos, Maxim Lapierre - PK : Peter Regin
Extra Defensemen
Normal : Brandon Burlon, Arturs Kulda, Anthony Bitetto - PP : Brandon Burlon - PK : Arturs Kulda, Anthony Bitetto
Penalty Shots
Sidney Crosby, Derek Boogaard, Matt Martin, Reilly Smith, Colby Armstrong

Scratches
Matt Moulson (Healthy)

Penguins

5 vs 5 Forward 
   Center                   Left Wing                Right Wing               Time % Phy DF OF 
 1 Steven Stamkos           Jeff Skinner             Nikita Kucherov          40     0   2  3  
 2 Gilbert Brule            Andrew Cogliano          Mark Stone               30     0   2  3  
 3 Joe Colborne             Daniel Carcillo          Cal Clutterbuck          20     0   2  3  
 4 Sean Monahan             Marcus Foligno           Marian Hossa             10     0   2  3  

5 vs 5 Defense 
   Defense                  Defense                                           Time % Phy DF OF 
 1 Danny DeKeiser           Keith Aulie                                       40     1   2  2  
 2 Jeff Schultz             Jake McCabe                                       30     1   2  2  
 3 Alexei Marchenko         Eric Gryba                                        20     1   2  2  
 4 Danny DeKeiser           Keith Aulie                                       10     1   2  2  

PowerPlay Forward 
   Center                   Left Wing                Right Wing               Time % Phy DF OF 
 1 Steven Stamkos           Jeff Skinner             Nikita Kucherov          60     0   1  4  
 2 Gilbert Brule            Andrew Cogliano          Mark Stone               40     0   1  4  

PowerPlay Defense
   Defense                  Defense                                           Time % Phy DF OF 
 1 Danny DeKeiser           Keith Aulie                                       60     0   2  3  
 2 Jeff Schultz             Jake McCabe                                       40     0   2  3  

Penalty Kill 4 Players Forward 
   Center                   Wing                     Time % Phy DF OF 
 1 Steven Stamkos           Daniel Carcillo          60     1   3  1  
 2 Joe Colborne             Cal Clutterbuck          40     1   3  1  

Penalty Kill 4 Players Defense
   Defense                  Defense                  Time % Phy DF OF 
 1 Danny DeKeiser           Keith Aulie              60     1   3  1  
 2 Jeff Schultz             Jake McCabe              40     1   3  1  

Penalty Kill - 3 Players Forward 
   Forward                                           Time % Phy DF OF 
 1 Daniel Carcillo                                   60     1   3  1  
 2 Cal Clutterbuck                                   40     1   3  1  

Penalty Kill - 3 Players Defense
   Defense                  Defense                  Time % Phy DF OF 
 1 Danny DeKeiser           Keith Aulie              60     1   3  1  
 2 Jeff Schultz             Jake McCabe              40     1   3  1  

4 vs 4 Forward 
   Center                   Wing                     Time % Phy DF OF 
 1 Steven Stamkos           Nikita Kucherov          60     0   2  3  
 2 Gilbert Brule            Andrew Cogliano          40     0   2  3  

4 vs 4 Defense
   Defense                  Defense                  Time % Phy DF OF 
 1 Danny DeKeiser           Keith Aulie              60     1   2  2  
 2 Jeff Schultz             Jake McCabe              40     1   2  2  

Last Minutes Offensive
   Center                   Left Wing                Right Wing               Defense                  Defense                  
   Steven Stamkos           Jeff Skinner             Nikita Kucherov          Danny DeKeiser           Keith Aulie              

Last Minutes Defensive
   Center                   Left Wing                Right Wing               Defense                  Defense                  
   Steven Stamkos           Daniel Carcillo          Cal Clutterbuck          Danny DeKeiser           Keith Aulie              

Goaltenders
Starting : Michal Neuvirth          
Backup : Sergei Bobrovsky         

Extra Forwards
Normal : Steven Stamkos, Andrew Cogliano, Marcus Foligno - PP : Steven Stamkos, Andrew Cogliano - PK : Daniel Carcillo
Extra Defensemen
Normal : Danny DeKeiser, Jeff Schultz, Alexei Marchenko - PP : Keith Aulie - PK : Danny DeKeiser, Jeff Schultz
Penalty Shots
Nikita Kucherov, Steven Stamkos, Andrew Cogliano, Gilbert Brule, Jeff Skinner

Scratches
Andreas Martinsen (Healthy), Sean Zimmerman (Sore Right Knee Injury)

% Time on Ice - Senateurs

Lines # - Real PCT - Wanted PCT - Time Play
Normal Forward
1 - 30% - 40% - 15:15
2 - 31% - 30% - 15:58
3 - 26% - 20% - 13:29
4 - 12% - 10% - 6:17
Normal Defense
1 - 41% - 40% - 20:57
2 - 34% - 30% - 17:06
3 - 20% - 20% - 10:01
4 - 6% - 10% - 2:55
PP Forward
1 - 62% - 60% - 3:50
2 - 38% - 40% - 2:20
PP Defense
1 - 63% - 60% - 3:53
2 - 37% - 40% - 2:17
PK Forward
1 - 83% - 60% - 2:09
2 - 17% - 40% - 0:27
PK Defense
1 - 73% - 60% - 1:54
2 - 27% - 40% - 0:42
PK3 Forward
1 - 0% - 60%
2 - 0% - 40%
PK3 Defense
1 - 0% - 60%
2 - 0% - 40%
44 Forward
1 - 0% - 60%
2 - 0% - 40%
44 Defense
1 - 0% - 60%
2 - 0% - 40%
Last Minute Offensive  - 0:00
Last Minute Defensive  - 0:15
Total
Forward - 60:00
Defense - 60:00

% Time on Ice - Penguins

Lines # - Real PCT - Wanted PCT - Time Play
Normal Forward
1 - 33% - 40% - 17:09
2 - 27% - 30% - 13:56
3 - 23% - 20% - 11:47
4 - 16% - 10% - 8:22
Normal Defense
1 - 40% - 40% - 20:29
2 - 31% - 30% - 15:41
3 - 25% - 20% - 12:37
4 - 5% - 10% - 2:27
PP Forward
1 - 63% - 60% - 1:38
2 - 37% - 40% - 0:58
PP Defense
1 - 51% - 60% - 1:20
2 - 49% - 40% - 1:16
PK Forward
1 - 74% - 60% - 4:32
2 - 26% - 40% - 1:38
PK Defense
1 - 69% - 60% - 4:15
2 - 31% - 40% - 1:55
PK3 Forward
1 - 0% - 60%
2 - 0% - 40%
PK3 Defense
1 - 0% - 60%
2 - 0% - 40%
44 Forward
1 - 0% - 60%
2 - 0% - 40%
44 Defense
1 - 0% - 60%
2 - 0% - 40%
Last Minute Offensive  - 0:00
Last Minute Defensive  - 0:00
Total
Forward - 60:00
Defense - 60:00

Play-by-Play

1st period


0:01 of 1st period - Steven Stamkos wins face-off versus Sidney Crosby in neutral zone.
0:06 of 1st period - Wrist shot by Nikita Kucherov.
0:06 of 1st period - Stopped by Jaroslav Halak without a rebound.
0:07 of 1st period - Jeff Skinner wins face-off versus Derek Boogaard in Senateurs zone.
0:48 of 1st period - Snap shot by Nikita Kucherov.
0:48 of 1st period - Deflect By Steven Stamkos.
0:48 of 1st period - Shot Misses the Net.
0:48 of 1st period - Puck is out of play.
0:49 of 1st period - Gilbert Brule wins face-off versus Nick Bjugstad in Senateurs zone.
0:52 of 1st period - Wrist shot by Andrew Cogliano.
0:52 of 1st period - Shot Blocked by Colby Armstrong.
1:02 of 1st period - Wrist shot by Colby Armstrong.
1:02 of 1st period - Stopped by Michal Neuvirth with a rebound.
1:39 of 1st period - Snap shot by Sean Monahan.
1:39 of 1st period - Stopped by Jaroslav Halak with a rebound.
1:41 of 1st period - Slapshot by Jeff Schultz.
1:41 of 1st period - Shot Hit the Post.
1:43 of 1st period - Slapshot by Jeff Schultz.
1:43 of 1st period - Stopped by Jaroslav Halak with a rebound.
1:45 of 1st period - Snap shot by Marian Hossa.
1:45 of 1st period - Shot Blocked by Brandon Burlon.
2:14 of 1st period - Slapshot by Marek Svatos.
2:14 of 1st period - Stopped by Michal Neuvirth without a rebound.
2:15 of 1st period - Maxim Lapierre wins face-off versus Nikita Kucherov in Penguins zone.
3:11 of 1st period - Wrist shot by Daniel Carcillo.
3:11 of 1st period - Stopped by Jaroslav Halak with a rebound.
3:19 of 1st period - Snap shot by Daniel Carcillo.
3:19 of 1st period - Shot Misses the Net.
3:21 of 1st period - Slapshot by Danny DeKeiser.
3:21 of 1st period - Shot Misses the Net.
3:23 of 1st period - Snap shot by Cal Clutterbuck.
3:23 of 1st period - Deflect By Daniel Carcillo.
3:23 of 1st period - Shot Blocked by Anthony Bitetto.
3:23 of 1st period - Puck is out of play.
3:24 of 1st period - Gilbert Brule wins face-off versus Nick Bjugstad in Senateurs zone.
3:27 of 1st period - Snap shot by Andrew Cogliano.
3:27 of 1st period - Shot Blocked by Nate Prosser.
3:29 of 1st period - Slapshot by Gilbert Brule.
3:29 of 1st period - Shot Misses the Net.
3:31 of 1st period - Wrist shot by Gilbert Brule.
3:31 of 1st period - Stopped by Jaroslav Halak without a rebound.
3:32 of 1st period - Colby Armstrong wins face-off versus Gilbert Brule in Senateurs zone.
3:43 of 1st period - Nate Prosser is hit by Mark Stone and loses puck.
3:58 of 1st period - Wrist shot by Andrew Cogliano.
3:58 of 1st period - Stopped by Jaroslav Halak without a rebound.
3:59 of 1st period - Sidney Crosby wins face-off versus Steven Stamkos in Senateurs zone.
3:59 of 1st period - Sidney Crosby is hit by Jeff Skinner.
4:15 of 1st period - Keith Aulie is hit by Reilly Smith and loses puck.
5:12 of 1st period - Wrist shot by Sidney Crosby.
5:12 of 1st period - Shot Misses the Net.
5:26 of 1st period - Maxim Lapierre is hit by Jeff Schultz and loses puck.
5:59 of 1st period - Wrist shot by Gilbert Brule.
5:59 of 1st period - Stopped by Jaroslav Halak without a rebound.
6:00 of 1st period - Peter Regin wins face-off versus Mark Stone in Senateurs zone.
6:54 of 1st period - Wrist shot by Sidney Crosby.
6:54 of 1st period - Shot Blocked by Eric Gryba.
7:32 of 1st period - Snap shot by Peter Regin.
7:32 of 1st period - Shot Misses the Net.
7:46 of 1st period - Snap shot by Brian McGrattan.
7:46 of 1st period - Stopped by Michal Neuvirth without a rebound.
7:47 of 1st period - Maxim Lapierre wins face-off versus Steven Stamkos in Penguins zone.
8:02 of 1st period - Slapshot by Nikita Kucherov.
8:02 of 1st period - Goal by Nikita Kucherov - Senateurs : 0 - Penguins : 1.
8:03 of 1st period - Steven Stamkos wins face-off versus Nick Bjugstad in neutral zone.
8:57 of 1st period - Snap shot by Sean Monahan.
8:57 of 1st period - Shot Blocked by Nate Prosser.
8:59 of 1st period - Snap shot by Sean Monahan.
8:59 of 1st period - Shot Misses the Net.
9:09 of 1st period - Wrist shot by Marek Svatos.
9:09 of 1st period - Stopped by Michal Neuvirth with a rebound.
10:03 of 1st period - Joe Colborne is hit by Maxim Lapierre and loses puck.
11:02 of 1st period - Wrist shot by Joe Colborne.
11:02 of 1st period - Shot Misses the Net.
11:51 of 1st period - Sergei Kostitsyn is hit by Keith Aulie and loses puck.
12:30 of 1st period - Snap shot by Nikita Kucherov.
12:30 of 1st period - Shot Misses the Net.
12:56 of 1st period - Snap shot by Andrew Cogliano.
12:56 of 1st period - Deflect By Gilbert Brule.
12:56 of 1st period - Shot Blocked by Peter Regin.
12:56 of 1st period - Puck is out of play.
12:57 of 1st period - Gilbert Brule wins face-off versus Peter Regin in Senateurs zone.
13:11 of 1st period - Wrist shot by Gilbert Brule.
13:11 of 1st period - Shot Misses the Net.
13:13 of 1st period - Slapshot by Gilbert Brule.
13:13 of 1st period - Stopped by Jaroslav Halak without a rebound.
13:14 of 1st period - Nick Bjugstad wins face-off versus Steven Stamkos in Senateurs zone.
13:29 of 1st period - Wrist shot by Nick Bjugstad.
13:29 of 1st period - Stopped by Michal Neuvirth with a rebound.
13:39 of 1st period - Reilly Smith is hit by Keith Aulie and loses puck.
15:00 of 1st period - Dion Phaneuf is hit by Joe Colborne and loses puck.
15:59 of 1st period - Snap shot by Sean Monahan.
15:59 of 1st period - Shot Blocked by Brandon Burlon.
16:01 of 1st period - Slapshot by Marcus Foligno.
16:01 of 1st period - Stopped by Jaroslav Halak with a rebound.
16:03 of 1st period - Slapshot by Danny DeKeiser.
16:03 of 1st period - Stopped by Jaroslav Halak with a rebound.
16:05 of 1st period - Wrist shot by Sean Monahan.
16:05 of 1st period - Stopped by Jaroslav Halak with a rebound.
16:07 of 1st period - Slapshot by Eric Gryba.
16:07 of 1st period - Stopped by Jaroslav Halak with a rebound.
16:55 of 1st period - Alexei Marchenko is hit by Sergei Kostitsyn and loses puck.
17:20 of 1st period - Sean Monahan is hit by Anthony Bitetto and loses puck.
17:30 of 1st period - Off-side.
17:31 of 1st period - Joe Colborne wins face-off versus Nick Bjugstad in neutral zone.
18:00 of 1st period - Wrist shot by Marek Svatos.
18:00 of 1st period - Shot Blocked by Jeff Skinner.
18:02 of 1st period - Slapshot by Nate Prosser.
18:02 of 1st period - Shot Blocked by Keith Aulie.
18:04 of 1st period - Slapshot by Sergei Kostitsyn.
18:04 of 1st period - Shot Blocked by Keith Aulie.
18:06 of 1st period - Slapshot by Nate Prosser.
18:06 of 1st period - Deflect By Maxim Lapierre.
18:06 of 1st period - Shot Blocked by Steven Stamkos.
18:06 of 1st period - Puck is out of play.
18:07 of 1st period - Steven Stamkos wins face-off versus Sidney Crosby in Penguins zone.
18:18 of 1st period - Wrist shot by Steven Stamkos.
18:18 of 1st period - Shot Misses the Net.
18:20 of 1st period - Snap shot by Steven Stamkos.
18:20 of 1st period - Stopped by Jaroslav Halak with a rebound.
18:22 of 1st period - Wrist shot by Jeff Skinner.
18:22 of 1st period - Shot Misses the Net.
18:52 of 1st period - Cody Franson is hit by Marian Hossa and loses puck.
18:58 of 1st period - Off-side.
18:59 of 1st period - Maxim Lapierre wins face-off versus Sean Monahan in neutral zone.
19:04 of 1st period - Jake McCabe is hit by Eric Gelinas and loses puck.
Goals for this period are 0 for Senateurs vs 1 for Penguins.
Shots for this period are 5 for Senateurs vs 14 for Penguins.

2nd period


0:01 of 2nd period - Steven Stamkos wins face-off versus Sidney Crosby in neutral zone.
1:26 of 2nd period - Minor Penalty to Sean Monahan for Hooking.
1:27 of 2nd period - Steven Stamkos wins face-off versus Sidney Crosby in Penguins zone.
1:37 of 2nd period - Wrist shot by Derek Boogaard.
1:37 of 2nd period - Shot Misses the Net.
1:39 of 2nd period - Snap shot by Derek Boogaard.
1:39 of 2nd period - Goal by Derek Boogaard - Senateurs : 1 - Penguins : 1.
1:40 of 2nd period - Sidney Crosby wins face-off versus Steven Stamkos in neutral zone.
1:51 of 2nd period - Snap shot by Nikita Kucherov.
1:51 of 2nd period - Stopped by Jaroslav Halak without a rebound.
1:52 of 2nd period - Steven Stamkos wins face-off versus Sidney Crosby in Senateurs zone.
1:55 of 2nd period - Wrist shot by Steven Stamkos.
1:55 of 2nd period - Stopped by Jaroslav Halak with a rebound.
2:09 of 2nd period - Slapshot by Danny DeKeiser.
2:09 of 2nd period - Shot Misses the Net.
2:19 of 2nd period - Gilbert Brule is hit by Colby Armstrong and loses puck.
2:28 of 2nd period - Snap shot by Nick Bjugstad.
2:28 of 2nd period - Stopped by Michal Neuvirth with a rebound.
2:44 of 2nd period - Wrist shot by Marek Svatos.
2:44 of 2nd period - Shot Misses the Net.
2:50 of 2nd period - Maxim Lapierre is hit by Joe Colborne and loses puck.
3:40 of 2nd period - Off-side.
3:41 of 2nd period - Gilbert Brule wins face-off versus Peter Regin in neutral zone.
4:01 of 2nd period - Minor Penalty to Andrew Cogliano for Holding.
4:02 of 2nd period - Steven Stamkos wins face-off versus Sidney Crosby in Penguins zone.
4:39 of 2nd period - Snap shot by Dion Phaneuf.
4:39 of 2nd period - Deflect By Nick Bjugstad.
4:39 of 2nd period - Shot Blocked by Keith Aulie.
4:39 of 2nd period - Puck is out of play.
4:40 of 2nd period - Joe Colborne wins face-off versus Nick Bjugstad in Penguins zone.
4:49 of 2nd period - Steven Stamkos is hit by Colby Armstrong and loses puck.
4:54 of 2nd period - Wrist shot by Colby Armstrong.
4:54 of 2nd period - Stopped by Michal Neuvirth without a rebound.
4:55 of 2nd period - Sidney Crosby wins face-off versus Steven Stamkos in Penguins zone.
4:58 of 2nd period - Snap shot by Sidney Crosby.
4:58 of 2nd period - Stopped by Michal Neuvirth with a rebound.
5:12 of 2nd period - Danny DeKeiser is hit by Sidney Crosby and loses puck.
5:25 of 2nd period - Wrist shot by Sidney Crosby.
5:25 of 2nd period - Shot Misses the Net.
5:49 of 2nd period - Snap shot by Sidney Crosby.
5:49 of 2nd period - Shot Blocked by Danny DeKeiser.
6:01 of 2nd period - Penalty to Andrew Cogliano is over, Andrew Cogliano is back on ice.
6:37 of 2nd period - Slapshot by Eric Gelinas.
6:37 of 2nd period - Shot Misses the Net.
8:09 of 2nd period - Sergei Kostitsyn is hit by Nikita Kucherov.
8:21 of 2nd period - Eric Gelinas is hit by Keith Aulie and loses puck.
8:45 of 2nd period - Reilly Smith is hit by Marcus Foligno and loses puck.
8:59 of 2nd period - Daniel Carcillo is hit by Cody Franson.
9:11 of 2nd period - Cody Franson is hit by Jake McCabe and loses puck.
9:12 of 2nd period - Cody Franson from Senateurs is injured at 9:12 of 2nd period (Left Knee).
9:13 of 2nd period - Sidney Crosby wins face-off versus Steven Stamkos in Senateurs zone.
10:46 of 2nd period - Snap shot by Sergei Kostitsyn.
10:46 of 2nd period - Stopped by Michal Neuvirth with a rebound.
10:52 of 2nd period - Sergei Kostitsyn is hit by Steven Stamkos and loses puck.
11:03 of 2nd period - Slapshot by Nate Prosser.
11:03 of 2nd period - Stopped by Michal Neuvirth without a rebound.
11:04 of 2nd period - Sidney Crosby wins face-off versus Daniel Carcillo in Penguins zone.
11:57 of 2nd period - Andrew Cogliano is hit by Dion Phaneuf and loses puck.
12:09 of 2nd period - Off-side.
12:10 of 2nd period - Sean Monahan wins face-off versus Peter Regin in neutral zone.
12:17 of 2nd period - Slapshot by Marcus Foligno.
12:17 of 2nd period - Shot Blocked by Anthony Bitetto.
12:37 of 2nd period - Colby Armstrong is hit by Danny DeKeiser.
13:04 of 2nd period - Minor Penalty to Nate Prosser for Holding Stick.
13:05 of 2nd period - Gilbert Brule wins face-off versus Sidney Crosby in Senateurs zone.
13:31 of 2nd period - Sidney Crosby is hit by Nikita Kucherov and loses puck.
13:52 of 2nd period - Sidney Crosby is hit by Danny DeKeiser.
14:55 of 2nd period - Icing by Jeff Skinner.
14:56 of 2nd period - Jeff Skinner wins face-off versus Sidney Crosby in Penguins zone.
15:04 of 2nd period - Penalty to Nate Prosser is over, Nate Prosser is back on ice.
15:20 of 2nd period - Off-side.
15:21 of 2nd period - Sidney Crosby wins face-off versus Gilbert Brule in neutral zone.
15:33 of 2nd period - Slapshot by Andrew Cogliano.
15:33 of 2nd period - Stopped by Jaroslav Halak without a rebound.
15:34 of 2nd period - Jeff Skinner wins face-off versus Nick Bjugstad in Senateurs zone.
16:06 of 2nd period - Wrist shot by Colby Armstrong.
16:06 of 2nd period - Shot Misses the Net.
16:08 of 2nd period - Slapshot by Eric Gelinas.
16:08 of 2nd period - Goal by Eric Gelinas - Senateurs : 2 - Penguins : 1.
16:09 of 2nd period - Steven Stamkos wins face-off versus Sidney Crosby in neutral zone.
16:11 of 2nd period - Off-side.
16:12 of 2nd period - Steven Stamkos wins face-off versus Derek Boogaard in neutral zone.
16:16 of 2nd period - Keith Aulie is hit by Dion Phaneuf and loses puck.
16:30 of 2nd period - Minor Penalty to Nikita Kucherov for Holding.
16:31 of 2nd period - Steven Stamkos wins face-off versus Sidney Crosby in Penguins zone.
17:01 of 2nd period - Wrist shot by Nick Bjugstad.
17:01 of 2nd period - Shot Blocked by Danny DeKeiser.
17:16 of 2nd period - Off-side.
17:17 of 2nd period - Sidney Crosby wins face-off versus Joe Colborne in neutral zone.
17:22 of 2nd period - Jake McCabe is hit by Reilly Smith and loses puck.
17:39 of 2nd period - Nate Prosser is hit by Daniel Carcillo.
18:30 of 2nd period - Penalty to Nikita Kucherov is over, Nikita Kucherov is back on ice.
18:42 of 2nd period - Snap shot by Maxim Lapierre.
18:42 of 2nd period - Deflect By Danny DeKeiser.
18:42 of 2nd period - Stopped by Michal Neuvirth without a rebound.
18:43 of 2nd period - Maxim Lapierre wins face-off versus Gilbert Brule in Penguins zone.
18:44 of 2nd period - Snap shot by Marek Svatos.
18:44 of 2nd period - Stopped by Michal Neuvirth without a rebound.
18:45 of 2nd period - Maxim Lapierre wins face-off versus Mark Stone in Penguins zone.
19:14 of 2nd period - Wrist shot by Sidney Crosby.
19:14 of 2nd period - Stopped by Michal Neuvirth with a rebound.
19:16 of 2nd period - Backhand shot by Derek Boogaard.
19:16 of 2nd period - Deflect By Reilly Smith.
19:16 of 2nd period - Shot Misses the Net.
19:16 of 2nd period - Puck is out of play.
19:17 of 2nd period - Sidney Crosby wins face-off versus Steven Stamkos in Penguins zone.
19:22 of 2nd period - Wrist shot by Derek Boogaard.
19:22 of 2nd period - Shot Misses the Net.
19:24 of 2nd period - Snap shot by Dion Phaneuf.
19:24 of 2nd period - Stopped by Michal Neuvirth without a rebound.
19:25 of 2nd period - Sidney Crosby wins face-off versus Steven Stamkos in Penguins zone.
19:36 of 2nd period - Danny DeKeiser is hit by Derek Boogaard and loses puck.
19:41 of 2nd period - Snap shot by Derek Boogaard.
19:41 of 2nd period - Shot Blocked by Danny DeKeiser.
Goals for this period are 2 for Senateurs vs 0 for Penguins.
Shots for this period are 11 for Senateurs vs 3 for Penguins.

3rd period


0:01 of 3rd period - Nikita Kucherov wins face-off versus Sidney Crosby in neutral zone.
0:26 of 3rd period - Dion Phaneuf is hit by Danny DeKeiser and loses puck.
0:39 of 3rd period - Wrist shot by Gilbert Brule.
0:39 of 3rd period - Stopped by Jaroslav Halak without a rebound.
0:40 of 3rd period - Reilly Smith wins face-off versus Joe Colborne in Senateurs zone.
1:07 of 3rd period - Icing by Daniel Carcillo.
1:08 of 3rd period - Joe Colborne wins face-off versus Maxim Lapierre in Penguins zone.
1:13 of 3rd period - Snap shot by Joe Colborne.
1:13 of 3rd period - Shot Blocked by Sergei Kostitsyn.
1:24 of 3rd period - Icing by Danny DeKeiser.
1:25 of 3rd period - Sidney Crosby wins face-off versus Joe Colborne in Penguins zone.
1:32 of 3rd period - Wrist shot by Reilly Smith.
1:32 of 3rd period - Shot Blocked by Keith Aulie.
1:52 of 3rd period - Wrist shot by Joe Colborne.
1:52 of 3rd period - Shot Blocked by Dion Phaneuf.
2:22 of 3rd period - Slapshot by Marek Svatos.
2:22 of 3rd period - Stopped by Michal Neuvirth with a rebound.
2:24 of 3rd period - Snap shot by Eric Gelinas.
2:24 of 3rd period - Stopped by Michal Neuvirth with a rebound.
2:34 of 3rd period - Danny DeKeiser is hit by Peter Regin and loses puck.
3:44 of 3rd period - Sean Monahan is hit by Sidney Crosby and loses puck.
4:03 of 3rd period - Jeff Skinner is hit by Arturs Kulda and loses puck.
4:42 of 3rd period - Slapshot by Steven Stamkos.
4:42 of 3rd period - Stopped by Jaroslav Halak without a rebound.
4:43 of 3rd period - Nick Bjugstad wins face-off versus Nikita Kucherov in Senateurs zone.
5:33 of 3rd period - Peter Regin is hit by Jake McCabe and loses puck.
6:11 of 3rd period - Sean Monahan is hit by Sergei Kostitsyn and loses puck.
6:36 of 3rd period - Minor Penalty to Gilbert Brule for Interference.
6:37 of 3rd period - Sidney Crosby wins face-off versus Steven Stamkos in Penguins zone.
6:44 of 3rd period - Snap shot by Sidney Crosby.
6:44 of 3rd period - Shot Blocked by Keith Aulie.
8:36 of 3rd period - Penalty to Gilbert Brule is over, Gilbert Brule is back on ice.
8:42 of 3rd period - Off-side.
8:43 of 3rd period - Marek Svatos wins face-off versus Sean Monahan in neutral zone.
8:46 of 3rd period - Backhand shot by Maxim Lapierre.
8:46 of 3rd period - Shot Misses the Net.
8:54 of 3rd period - Slapshot by Marek Svatos.
8:54 of 3rd period - Deflect By Brian McGrattan.
8:54 of 3rd period - Shot Misses the Net.
8:54 of 3rd period - Puck is out of play.
8:55 of 3rd period - Nick Bjugstad wins face-off versus Steven Stamkos in Penguins zone.
9:04 of 3rd period - Slapshot by Matt Martin.
9:04 of 3rd period - Deflect By Nick Bjugstad.
9:04 of 3rd period - Stopped by Michal Neuvirth with a rebound.
9:43 of 3rd period - Keith Aulie is hit by Sergei Kostitsyn and loses puck.
9:50 of 3rd period - Snap shot by Maxim Lapierre.
9:50 of 3rd period - Stopped by Michal Neuvirth without a rebound.
9:51 of 3rd period - Steven Stamkos wins face-off versus Nick Bjugstad in Penguins zone.
9:51 of 3rd period - Steven Stamkos is hit by Nate Prosser.
10:17 of 3rd period - Nate Prosser is hit by Gilbert Brule and loses puck.
10:44 of 3rd period - Snap shot by Marek Svatos.
10:44 of 3rd period - Deflect By Maxim Lapierre.
10:44 of 3rd period - Stopped by Michal Neuvirth with a rebound.
10:46 of 3rd period - Slapshot by Marek Svatos.
10:46 of 3rd period - Stopped by Michal Neuvirth with a rebound.
10:48 of 3rd period - Wrist shot by Marek Svatos.
10:48 of 3rd period - Stopped by Michal Neuvirth without a rebound.
10:49 of 3rd period - Nick Bjugstad wins face-off versus Steven Stamkos in Penguins zone.
10:52 of 3rd period - Snap shot by Colby Armstrong.
10:52 of 3rd period - Goal by Colby Armstrong - Senateurs : 3 - Penguins : 1.
10:53 of 3rd period - Steven Stamkos wins face-off versus Derek Boogaard in neutral zone.
11:18 of 3rd period - Nick Bjugstad is hit by Keith Aulie and loses puck.
11:25 of 3rd period - Nick Bjugstad is hit by Danny DeKeiser and loses puck.
12:05 of 3rd period - Wrist shot by Nikita Kucherov.
12:05 of 3rd period - Goal by Nikita Kucherov - Senateurs : 3 - Penguins : 2.
12:06 of 3rd period - Steven Stamkos wins face-off versus Sidney Crosby in neutral zone.
12:19 of 3rd period - Slapshot by Derek Boogaard.
12:19 of 3rd period - Deflect By Steven Stamkos.
12:19 of 3rd period - Stopped by Michal Neuvirth without a rebound.
12:20 of 3rd period - Nikita Kucherov wins face-off versus Sidney Crosby in Penguins zone.
12:29 of 3rd period - Wrist shot by Steven Stamkos.
12:29 of 3rd period - Stopped by Jaroslav Halak with a rebound.
13:10 of 3rd period - Snap shot by Gilbert Brule.
13:10 of 3rd period - Shot Blocked by Dion Phaneuf.
13:30 of 3rd period - Nate Prosser is hit by Marcus Foligno and loses puck.
13:37 of 3rd period - Snap shot by Marcus Foligno.
13:37 of 3rd period - Shot Misses the Net.
13:39 of 3rd period - Wrist shot by Marian Hossa.
13:39 of 3rd period - Stopped by Jaroslav Halak with a rebound.
13:41 of 3rd period - Wrist shot by Marcus Foligno.
13:41 of 3rd period - Stopped by Jaroslav Halak with a rebound.
13:43 of 3rd period - Slapshot by Eric Gryba.
13:43 of 3rd period - Stopped by Jaroslav Halak without a rebound.
13:44 of 3rd period - Steven Stamkos wins face-off versus Nick Bjugstad in Senateurs zone.
13:54 of 3rd period - Wrist shot by Steven Stamkos.
13:54 of 3rd period - Stopped by Jaroslav Halak without a rebound.
13:55 of 3rd period - Steven Stamkos wins face-off versus Sidney Crosby in Senateurs zone.
14:04 of 3rd period - Snap shot by Nikita Kucherov.
14:04 of 3rd period - Deflect By Steven Stamkos.
14:04 of 3rd period - Stopped by Jaroslav Halak with a rebound.
14:20 of 3rd period - Nate Prosser is hit by Mark Stone and loses puck.
14:29 of 3rd period - Snap shot by Andrew Cogliano.
14:29 of 3rd period - Shot Blocked by Colby Armstrong.
14:31 of 3rd period - Slapshot by Keith Aulie.
14:31 of 3rd period - Stopped by Jaroslav Halak with a rebound.
15:08 of 3rd period - Icing by Sidney Crosby.
15:09 of 3rd period - Steven Stamkos wins face-off versus Sidney Crosby in Senateurs zone.
15:10 of 3rd period - Snap shot by Nikita Kucherov.
15:10 of 3rd period - Shot Misses the Net.
15:20 of 3rd period - Wrist shot by Steven Stamkos.
15:20 of 3rd period - Shot Blocked by Brandon Burlon.
15:44 of 3rd period - Snap shot by Matt Martin.
15:44 of 3rd period - Stopped by Michal Neuvirth with a rebound.
15:58 of 3rd period - Wrist shot by Marek Svatos.
15:58 of 3rd period - Shot Misses the Net.
17:30 of 3rd period - Slapshot by Brandon Burlon.
17:30 of 3rd period - Shot Misses the Net.
17:41 of 3rd period - Slapshot by Dion Phaneuf.
17:41 of 3rd period - Stopped by Michal Neuvirth with a rebound.
18:11 of 3rd period - Dion Phaneuf is hit by Andrew Cogliano.
18:40 of 3rd period - Backhand shot by Marek Svatos.
18:40 of 3rd period - Stopped by Michal Neuvirth without a rebound.
18:41 of 3rd period - Nikita Kucherov wins face-off versus Marek Svatos in Penguins zone.
18:45 of 3rd period - Off-side.
18:46 of 3rd period - Pat Burns call a timeout for Penguins.
18:46 of 3rd period - Steven Stamkos wins face-off versus Sidney Crosby in neutral zone.
18:50 of 3rd period - Penguins, Michal Neuvirth is pulled from the net.
19:00 of 3rd period - Slapshot by Derek Boogaard.
19:00 of 3rd period - Goal by Derek Boogaard - Senateurs : 4 - Penguins : 2.
19:00 of 3rd period - Michal Neuvirth from Penguins was sent back in the game.
19:01 of 3rd period - Joe Colborne wins face-off versus Peter Regin in neutral zone.
19:10 of 3rd period - Wrist shot by Daniel Carcillo.
19:10 of 3rd period - Stopped by Jaroslav Halak with a rebound.
19:12 of 3rd period - Snap shot by Daniel Carcillo.
19:12 of 3rd period - Shot Blocked by Brandon Burlon.
19:22 of 3rd period - Minor Penalty to Peter Regin for Hooking.
19:23 of 3rd period - Sidney Crosby wins face-off versus Steven Stamkos in Senateurs zone.
19:38 of 3rd period - Wrist shot by Steven Stamkos.
19:38 of 3rd period - Deflect By Sidney Crosby.
19:38 of 3rd period - Stopped by Jaroslav Halak without a rebound.
19:39 of 3rd period - Steven Stamkos wins face-off versus Sidney Crosby in Senateurs zone.
Goals for this period are 2 for Senateurs vs 1 for Penguins.
Shots for this period are 13 for Senateurs vs 12 for Penguins.